Map: Void Thrashing

Players

Mikilo

  • Race: Protoss Protoss
  • Spawn Location: 6:00

NamroodTuo

  • Race: Zerg Zerg

VOD

Have the link to the VOD?

Description

Time

  • Played on: May 30, 2023, 8:18 a.m.
  • Length: 13:04
Show
View Real Time Build Order
Export as new Build Order

Mikilo Protoss 

Build Orders:  

Get SALT Encoding   

  12  0:22  Probe (Chrono Boost)  
  12  0:28  Pylon  
  13  0:36  Probe (Chrono Boost)  
  14  1:00  Probe (Chrono Boost)  
  14  1:05  Gateway  
  14  1:08  Gateway  
  15  1:11  Assimilator  
  15  1:14  Probe (Chrono Boost)  
  16  1:28  Probe (Chrono Boost)  
  17  1:42  Probe (Chrono Boost)  
  18  1:56  Probe (Chrono Boost)  
  19  2:03  Kaldalis' A.I. Personality  
  19  2:04  Forge  
  19  2:05  Twilight Council  
  19  2:10  Legionnaire  
  19  2:12  Probe (Chrono Boost)  
  19  2:13  Legionnaire  
  26  2:29  Probe (Chrono Boost)  
  27  2:40  Legionnaire  
  27  2:43  Probe (Chrono Boost), Legionnaire  
  34  2:57  Probe (Chrono Boost)  
  35  3:11  Probe (Chrono Boost)  
  36  3:40  Empowered Blades  
  36  3:47  Probe (Chrono Boost)  
  24  3:50  Legionnaire x2  
  37  3:51  A Strong Heart  
  43  4:03  Assimilator  
  43  4:05  Nexus  
  44  4:11  Probe (Chrono Boost)  
  44  4:19  Legionnaire  
  44  4:20  Legionnaire  
  44  4:26  Purifier Armaments  
  44  4:28  Probe (Chrono Boost)  
  51  4:45  Probe (Chrono Boost)  
  51  4:49  Legionnaire  
  50  5:02  Probe (Chrono Boost)  
  50  5:05  Legionnaire  
  50  5:06  Charge  
  53  5:19  Probe (Chrono Boost), Legionnaire  
  57  5:25  Pylon  
  57  5:29  Pylon  
  54  5:35  Probe (Chrono Boost), Legionnaire  
  58  5:49  Legionnaire  
  58  5:52  Probe (Chrono Boost), Observation Protocol  
  58  5:57  Gateway  
  59  6:01  Gateway  
  59  6:03  Gateway  
  59  6:05  Legionnaire  
  59  6:07  Gateway  
  62  6:10  Gateway  
  62  6:15  Gateway  
  62  6:16  Probe (Chrono Boost)  
  63  6:23  Protoss Ground Weapons Level 1  
  63  6:44  Legionnaire  
  63  6:45  Legionnaire  
  57  6:59  Probe (Chrono Boost)  
  58  7:08  Probe (Chrono Boost), Legionnaire  
  58  7:09  Legionnaire x3  
  65  7:15  Legionnaire  
  68  7:22  Legionnaire x3  
  74  7:36  Probe (Chrono Boost)  
  74  7:38  Legionnaire  
  74  7:39  Legionnaire x3  
  84  7:45  Legionnaire  
  87  7:52  Legionnaire  
  87  7:58  Legionnaire  
  87  7:59  Legionnaire  
  93  8:09  Legionnaire x2  
  99  8:10  Legionnaire  
  99  8:16  Legionnaire x2  
  105  8:22  Legionnaire  
  108  8:30  Legionnaire x2  
  108  8:39  Legionnaire  
  114  8:44  Legionnaire  
  114  8:48  Legionnaire  
  114  8:49  Protoss Ground Weapons Level 2  
  114  8:50  Legionnaire  
  114  8:56  Legionnaire  
  55  9:00  Legionnaire x2  
  111  9:02  Legionnaire  
  111  9:17  Legionnaire  
  105  9:22  Legionnaire x2  
  99  9:44  Legionnaire  
  99  9:49  Legionnaire x3  
  96  9:50  Legionnaire x2  
  96  9:52  Legionnaire  
  93  10:43  Legionnaire  
  93  10:48  Legionnaire x5  
  93  10:49  Legionnaire  
  99  11:14  Legionnaire  
  99  11:19  Legionnaire x4  
  99  11:20  Legionnaire x3  
  102  11:49  Legionnaire x2  
  108  11:53  Legionnaire x2  
  114  12:06  Legionnaire  
  114  12:09  Legionnaire  
  114  12:11  Legionnaire  
  114  12:13  Legionnaire  
  114  12:18  Legionnaire  
  114  12:19  Legionnaire  
  105  12:23  Legionnaire  
  81  12:31  Legionnaire  
Show
View Real Time Build Order
Export as new Build Order

NamroodTuo Zerg 

Build Orders:  

Get SALT Encoding   

  12  0:11  Infested SCV  
  12  0:19  Overlord  
  13  0:26  Infested SCV  
  14  0:32  Infested SCV  
  15  0:47  Infested SCV  
  16  0:50  Infested SCV  
  17  1:03  Infested Barracks  
  17  1:05  Infested SCV  
  18  1:22  Infested SCV, Infested Refinery  
  19  1:38  Infested SCV  
  20  1:59  Overlord  
  20  2:06  Infestation Level 1  
  20  2:09  Infested SCV  
  21  2:18  Infested Engineering Bay  
  21  2:29  Infested SCV  
  22  2:42  Infested SCV  
  23  3:03  Infested Refinery  
  23  3:26  Infested Marine  
  23  3:27  Infested Marine x7  
  31  3:31  Overlord x2  
  31  4:06  Anaerobic Enhancement  
  31  4:37  Infested Command Center  
  31  4:51  Infested Barracks Tech Lab  
  31  4:53  Overlord  
  31  4:54  Overlord x2, Infested SCV  
  32  5:06  Infestation Level 2  
  32  5:09  Infested SCV  
  33  5:10  Infested SCV  
  26  5:36  Retinal Augmentation  
  26  5:38  Infested SCV  
  27  5:48  Infested SCV  
  28  5:56  Unknown  
  28  6:18  Infested SCV  
  28  6:19  Infested SCV x2  
  31  6:22  Infested SCV x2  
  33  6:36  Plagued Munitions  
  33  6:44  Infested SCV  
  33  6:45  Infested Refinery  
  33  6:48  Infested SCV x2  
  36  6:50  Infested SCV  
  37  7:05  Broodling Gestation  
  37  7:14  Infested SCV  
  38  7:31  Infested SCV  
  38  7:34  Infested SCV x2  
  38  7:36  Infested Factory  
  45  7:42  Infested Bunker  
  45  7:49  Infested SCV  
  46  8:02  Stukov Infantry Armor Level 1  
  46  8:15  Infested SCV x2  
  48  8:25  Infested SCV  
  48  8:27  Infested SCV x4  
  53  8:37  Infested Bunker  
  57  9:25  Infested Missile Turret  
  57  9:37  Infested Bunker  
  61  9:56  Infested Marine  
  61  9:57  Infested Marine x14  
  61  9:58  Infested Marine x5  
  81  10:07  Overlord  
  81  10:08  Overlord x6, Infested Bunker  
  85  10:38  Infested Armory  
  73  10:51  Infested Marine  
  73  10:52  Infested Marine x10  
  76  11:09  Infested Bunker  
  78  11:44  Infested Refinery  
  76  12:06  Infested Bunker  
  76  12:55  Infested Bunker  
Tags
 
Commander
FenixStukov
Matchup
Co-op
Replay Pack
Multiplayer
Add a new tag
Caveats
  • Supply blocks, unpowered buildings, or Contaminate may cause inaccurate times.
  • Supply counts are checked every 10 seconds.